Map: Para Site LE

Players

Astrea - Winner!

  • Race: Protoss Protoss
  • League: Grandmaster
  • Spawn Location: 5:00

PengWin

  • Race: Zerg Zerg
  • Spawn Location: 11:00

Event: Cheeseadelphia 8

VOD

Have the link to the VOD?

Description

Time

  • Played on: Dec. 8, 2018, 12:19 p.m.
  • Length: 15:34

All games in this series

Show
View Real Time Build Order
Export as new Build Order

Astrea Protoss - Winner!

Build Orders: 1 Gate Expand, Oracle Opening, Phoenix Opening 

Get SALT Encoding   

  12  0:00  Probe  
  13  0:12  Probe  
  14  0:17  Pylon  
  14  0:24  Probe  
  15  0:32  Probe  
  15  0:38  Gateway  
  15  0:40  Probe  
  16  0:49  Assimilator  
  17  0:51  Probe  
  18  1:03  Probe  
  19  1:15  Probe  
  20  1:25  Nexus  
  20  1:35  Cybernetics Core  
  20  1:38  Probe  
  21  1:44  Assimilator  
  21  1:50  Probe  
  22  1:55  Pylon  
  22  2:02  Probe  
  22  2:04  Adept  
  23  2:14  Probe  
  26  2:19  Stargate  
  26  2:25  Warp Gate  
  26  2:26  Probe  
  27  2:30  Adept  
  27  2:33  Probe  
  27  2:35  Probe  
  30  2:41  Probe  
  30  2:43  Probe  
  33  2:51  Probe  
  33  2:53  Probe  
  33  2:56  Phoenix  
  35  3:03  Probe  
  35  3:05  Probe  
  39  3:15  Probe  
  39  3:17  Probe  
  41  3:23  Gateway  
  41  3:25  Pylon  
  41  3:27  Probe  
  41  3:29  Oracle, Probe  
  46  3:43  Probe x2  
  46  3:47  Robotics Facility  
  46  3:48  Assimilator  
  48  3:52  Sentry  
  48  3:53  Assimilator  
  48  3:55  Probe x2, Pylon  
  52  4:03  Pylon  
  52  4:07  Probe x2  
  54  4:19  Probe x2  
  56  4:25  Gateway x2  
  56  4:27  Forge  
  56  4:29  Sentry  
  58  4:37  Observer  
  58  4:41  Probe  
  58  4:44  Robotics Bay  
  60  4:46  Pylon  
  60  4:52  Immortal  
  60  4:58  Pylon  
  64  5:06  Stalker x2  
  68  5:08  Protoss Ground Weapons Level 1  
  68  5:11  Gateway  
  68  5:13  Gateway  
  68  5:16  Pylon  
  68  5:21  Disruptor  
  71  5:36  Robotics Facility  
  71  5:41  Probe x2  
  73  5:47  Disruptor  
  73  5:54  Nexus  
  76  6:00  Pylon  
  76  6:03  Probe x2  
  78  6:07  Stalker x2  
  78  6:08  Stalker x2  
  78  6:10  Stalker  
  88  6:13  Pylon  
  88  6:18  Oracle  
  91  6:21  Probe x2  
  93  6:30  Photon Cannon, Disruptor, Shield Battery  
  93  6:41  Disruptor  
  99  7:04  Stalker x3  
  99  7:05  Stalker, Zealot x2  
  111  7:16  Pylon x2  
  111  7:18  Disruptor  
  111  7:22  Pylon  
  112  7:33  Pylon x2  
  112  7:34  Disruptor  
  112  7:35  Pylon  
  113  8:01  Nexus  
  113  8:04  Pylon  
  113  8:06  Pylon  
  113  8:07  Cybernetics Core  
  113  8:08  Gateway  
  112  8:17  Gateway  
  112  8:21  Gateway  
  112  8:22  Gateway  
  112  8:29  Observer  
  112  8:36  Colossus  
  112  8:40  Photon Cannon  
  112  8:41  Protoss Ground Armor Level 1  
  118  8:52  Warp Prism  
  120  8:55  Nexus  
  120  8:57  Pylon  
  120  9:01  Stalker x3  
  120  9:02  Stalker  
  128  9:16  Stalker  
  130  9:17  Stalker x2  
  134  9:38  Stalker  
  134  9:39  Stalker x5  
  124  10:57  Pylon  
  118  11:11  Phoenix  
  118  11:14  Stalker  
  118  11:15  Stalker x4  
  128  11:22  Photon Cannon  
  128  11:23  Twilight Council  
  130  11:25  Photon Cannon  
  130  11:27  Assimilator  
  130  11:42  Blink  
  129  11:47  Stalker x4  
  136  11:57  Phoenix  
  138  12:08  Probe x2  
  140  12:16  Probe x2  
  140  12:20  Protoss Ground Weapons Level 2  
  140  12:22  Assimilator  
  142  12:31  Pylon  
  142  12:46  Nexus  
  142  12:50  Pylon  
  142  12:58  Dark Shrine  
  142  13:08  Probe  
  142  13:10  Observer  
  142  13:12  Stalker x3  
  149  13:14  Phoenix  
  143  13:23  Pylon  
  145  13:47  Phoenix  
  147  13:51  Observer  
  144  14:02  Stalker x7  
  158  14:23  Phoenix  
  160  14:28  Pylon  
  160  14:30  Pylon  
  160  14:41  Observer  
  161  14:55  Phoenix  
  163  15:16  Nexus  
  163  15:19  Pylon  
Show
View Real Time Build Order
Export as new Build Order

PengWin Zerg 

Build Orders: Hatch First, Lurkers 

Get SALT Encoding   

  12  0:01  Drone  
  13  0:12  Overlord  
  13  0:20  Drone  
  14  0:31  Drone x2  
  14  0:35  Drone  
  17  0:51  Hatchery  
  17  0:54  Drone  
  17  0:57  Drone  
  17  1:00  Extractor  
  17  1:13  Spawning Pool  
  17  1:15  Drone  
  17  1:19  Drone  
  18  1:29  Drone  
  19  1:38  Overlord  
  19  1:49  Drone  
  20  1:59  Queen  
  22  2:02  Metabolic Boost  
  22  2:03  Queen  
  22  2:05  Drone  
  22  2:08  Drone  
  26  2:12  Drone  
  27  2:20  Zergling x2  
  27  2:21  Zergling x2  
  29  2:24  Zergling x2  
  30  2:32  Drone  
  31  2:39  Drone  
  31  2:40  Queen  
  31  2:42  Lair  
  34  2:46  Extractor  
  34  2:50  Overlord  
  33  2:57  Drone x3  
  36  3:10  Drone  
  37  3:15  Drone x7  
  44  3:30  Spore Crawler  
  44  3:33  Drone  
  44  3:35  Spore Crawler, Extractor  
  44  3:38  Overlord  
  44  3:40  Drone x2  
  44  3:44  Hydralisk Den  
  43  3:53  Overlord x2  
  43  3:58  Drone  
  44  4:11  Drone  
  44  4:15  Drone  
  44  4:16  Drone x4  
  50  4:18  Lurker Den  
  49  4:25  Extractor  
  49  4:29  Drone x3  
  51  4:36  Overlord  
  49  4:40  Drone x3  
  51  4:47  Hydralisk  
  51  4:48  Hydralisk  
  51  4:49  Hydralisk x2  
  59  4:54  Hydralisk, Queen  
  59  4:55  Hydralisk x2  
  67  5:06  Nydus Network  
  66  5:19  Queen  
  68  5:47  Overlord x3  
  66  5:50  Nydus Canal  
  66  5:53  Overseer  
  65  6:09  Lurker x5  
  65  6:10  Lurker  
  71  6:12  Lurker  
  71  6:17  Zergling x18  
  71  6:18  Zergling x12  
  77  6:43  Spire  
  76  6:54  Hatchery  
  72  7:16  Drone  
  72  7:17  Drone x3  
  72  7:18  Drone x2  
  70  7:37  Overlord x2  
  64  7:56  Mutalisk x9  
  79  8:01  Drone  
  77  8:27  Mutalisk x3  
  77  8:29  Mutalisk  
  85  8:37  Drone x2  
  85  8:38  Drone x7, Queen  
  85  8:40  Extractor  
  95  8:46  Hatchery  
  94  8:59  Mutalisk x3  
  98  9:04  Extractor  
  89  9:19  Mutalisk x2  
  89  9:21  Mutalisk  
  95  9:25  Zergling x16  
  95  9:26  Zergling x4  
  84  9:42  Drone  
  84  9:43  Drone  
  72  9:58  Mutalisk  
  62  10:07  Burrow, Hatchery  
  56  10:15  Mutalisk  
  56  10:17  Zergling x4  
  56  10:19  Zergling x6  
  56  10:20  Zergling x4  
  65  10:24  Drone x5  
  61  10:45  Drone x2  
  59  11:23  Drone  
  60  11:41  Spawning Pool  
  60  11:45  Spawning Pool  
  59  11:57  Drone x2  
  59  11:58  Drone x2  
  61  12:04  Drone  
  61  12:06  Drone x2  
  64  12:15  Drone  
  65  12:16  Drone  
  66  12:27  Drone x5  
  66  12:32  Drone x5  
  60  12:37  Lair  
  60  12:45  Drone x2  
  60  12:46  Queen  
  60  12:50  Drone x3  
  67  12:53  Drone  
  67  12:54  Drone  
  63  13:16  Drone x2  
  63  13:17  Drone  
  63  13:18  Drone x3  
  69  13:21  Drone x2  
  71  13:35  Hydralisk Den  
  71  13:41  Drone x2  
  68  13:58  Queen  
  68  14:01  Overlord x3  
  70  14:05  Hydralisk  
  70  14:06  Hydralisk  
  73  14:17  Spawning Pool  
  73  14:22  Hydralisk x2  
  70  14:37  Lurker x2  
  67  14:45  Hydralisk x2  
  62  14:47  Lurker x2  
  66  14:58  Hydralisk  
  68  15:02  Hydralisk x2  
  68  15:10  Lurker x2  
  70  15:20  Drone, Extractor  
  70  15:21  Extractor  
Tags
 
Add a new tag
Caveats
  • Supply blocks, unpowered buildings, or Contaminate may cause inaccurate times.
  • Supply counts are checked every 10 seconds.